Map: Rhoskallian LE

Players

Massa - Winner!

  • Race: Terran Terran
  • League: Platinum
  • Spawn Location: 11:00

qqq - Winner!

  • Race: Zerg Zerg
  • League: Platinum
  • Spawn Location: 12:00

dlinqnt

  • Race: Terran Terran
  • League: Diamond
  • Spawn Location: 6:00

Orilla

  • Race: Protoss Protoss
  • Spawn Location: 5:00

VOD

Have the link to the VOD?

Description

Time

  • Played on: Jan. 9, 2021, 6:15 a.m.
  • Length: 5:59
Show
View Real Time Build Order
Export as new Build Order

Massa Terran - Winner!

Build Orders: 1/1/1, Banshee Rush 

Get SALT Encoding   

  12  0:00  SCV  
  13  0:12  SCV  
  14  0:24  SCV  
  14  0:28  Supply Depot  
  15  0:35  Refinery  
  15  0:49  SCV  
  16  0:51  Barracks  
  16  0:55  Refinery  
  16  1:01  SCV  
  17  1:13  SCV  
  18  1:26  SCV  
  19  1:38  SCV, Factory  
  20  1:40  Marine  
  21  1:50  SCV  
  22  2:02  SCV  
  22  2:04  Supply Depot  
  23  2:22  Starport  
  23  2:26  SCV, Marine  
  23  2:29  Starport  
  25  2:38  SCV  
  25  2:44  Reaper  
  27  2:51  Supply Depot  
  27  3:00  Starport Tech Lab  
  27  3:05  Starport Tech Lab  
  27  3:15  Marine  
  27  3:19  Factory Tech Lab  
  28  3:21  Orbital Command  
  28  3:27  Banshee  
  28  3:32  Banshee  
  34  3:38  Cloaking Field  
  34  3:52  Marine  
  35  4:00  Supply Depot  
  35  4:10  Banshee, Marine  
  39  4:21  Banshee  
  42  4:24  Supply Depot  
  42  4:53  Banshee  
  42  4:59  SCV  
  46  5:16  Command Center  
  43  5:47  Engineering Bay  
Show
View Real Time Build Order
Export as new Build Order

qqq Zerg - Winner!

Build Orders: Hatch First 

Get SALT Encoding   

  12  0:00  Drone  
  13  0:08  Drone  
  14  0:19  Overlord  
  14  0:45  Hatchery  
  14  0:48  Drone  
  14  0:52  Drone  
  15  1:03  Drone x2  
  17  1:30  Extractor  
  17  1:31  Spawning Pool  
  15  1:42  Drone x2  
  15  1:43  Drone  
  18  1:57  Drone  
  19  2:02  Drone  
  20  2:21  Queen x2  
  24  2:23  Drone  
  24  2:24  Zergling x2  
  24  2:25  Overlord  
  24  2:26  Drone  
  27  2:35  Zergling x2  
  27  3:10  Zergling x6  
  27  3:11  Drone, Zergling x4  
  33  3:18  Lair  
  33  3:22  Zergling x2  
  33  3:23  Zergling x2  
  35  3:38  Hatchery, Metabolic Boost  
  34  3:42  Zergling x2  
  35  3:55  Overlord  
  35  4:01  Overlord  
  35  4:13  Drone x2  
  35  4:14  Drone, Zergling x2  
  39  4:17  Zergling x2  
  39  4:19  Hatchery  
  39  4:23  Evolution Chamber  
  38  4:25  Zergling x2  
  38  4:29  Zergling x2  
  40  4:31  Zergling x2  
  40  4:35  Zergling x2  
  41  4:49  Zergling x4  
  41  4:50  Zergling x4  
  42  4:58  Zergling x2  
  42  4:59  Zergling x6  
  41  5:09  Spire  
  41  5:11  Drone  
  41  5:16  Spore Crawler  
  40  5:22  Drone  
  40  5:23  Drone  
  40  5:24  Drone  
  40  5:28  Zergling x2  
  44  5:30  Drone  
Show
View Real Time Build Order
Export as new Build Order

dlinqnt Terran 

Build Orders:  

Get SALT Encoding   

  12  0:00  SCV  
  13  0:12  SCV  
  14  0:18  Supply Depot  
  14  0:25  SCV  
  15  0:29  Refinery  
  15  0:40  SCV  
  16  0:45  Barracks  
  16  0:52  SCV  
  17  1:04  SCV  
  18  1:16  SCV  
  19  1:28  SCV  
  20  1:38  Reaper  
  21  1:43  Command Center  
  21  1:54  Orbital Command  
  21  2:03  Supply Depot  
  21  2:06  Supply Depot  
  21  2:19  Barracks Reactor  
  20  2:28  Refinery  
  20  2:29  Factory  
  20  2:45  SCV  
  21  3:07  SCV  
  21  3:08  Orbital Command  
  22  3:16  Supply Depot  
  22  3:24  Supply Depot  
  22  3:25  Hellion x2  
  26  3:27  Barracks Tech Lab  
  26  3:35  SCV x2  
  28  3:53  SCV  
  28  3:54  SCV  
  28  3:55  Factory  
  30  4:05  SCV  
  30  4:06  SCV  
  32  4:17  SCV  
  32  4:18  SCV  
  32  4:19  Supply Depot  
  34  4:25  Hellion  
  34  4:29  SCV, Hellion  
  34  4:30  SCV  
  40  4:35  Factory  
  40  4:41  SCV  
  38  4:49  Hellion x2  
  23  5:09  SCV x2  
  19  5:21  SCV  
  18  5:29  SCV  
  18  5:33  SCV  
  15  5:45  SCV  
Show
View Real Time Build Order
Export as new Build Order

Orilla Protoss 

Build Orders:  

Get SALT Encoding   

  12  0:00  Probe  
  13  0:12  Probe  
  14  0:19  Pylon  
  14  0:25  Probe  
  15  0:31  Assimilator  
  15  0:42  Gateway  
  15  0:47  Assimilator  
  15  0:50  Probe (Chrono Boost)  
  16  1:00  Probe (Chrono Boost)  
  17  1:05  Probe (Chrono Boost)  
  18  1:17  Probe  
  19  1:29  Probe, Cybernetics Core  
  20  1:41  Probe  
  21  1:53  Probe  
  22  2:07  Stargate  
  22  2:10  Stargate  
  22  2:14  Pylon  
  22  2:25  Pylon  
  22  2:49  Nexus, Void Ray  
  26  3:03  Void Ray  
  30  3:26  Void Ray  
  34  3:34  Pylon  
  34  3:41  Probe  
  35  3:53  Probe (Chrono Boost)  
  36  4:01  Probe (Chrono Boost)  
  37  4:05  Probe (Chrono Boost)  
  37  4:08  Assimilator  
  38  4:11  Probe (Chrono Boost)  
  38  4:13  Probe (Chrono Boost)  
  38  4:14  Assimilator  
  38  4:15  Void Ray  
  38  4:16  Probe (Chrono Boost)  
  40  4:19  Probe  
  46  4:28  Probe  
  47  4:31  Probe  
  48  4:40  Probe  
  48  4:43  Probe  
  50  4:49  Void Ray  
  50  4:52  Probe  
  51  4:55  Probe  
  56  5:04  Probe  
  57  5:08  Probe  
  58  5:16  Probe  
  58  5:20  Probe  
  57  5:28  Probe  
Tags
 
Add a new tag
Caveats
  • Supply blocks, unpowered buildings, or Contaminate may cause inaccurate times.
  • Supply counts are checked every 10 seconds.